 Dungeon Crawl Stone Soup version 0.29.1-13-g9f3cf754e1 (webtiles) character file.

Game seed: 264224170231917304

75204 Exodus22XD the Severer (level 15, -16/137 HPs)
             Began as a Minotaur Fighter on Feb 3, 2023.
             Was a Follower of Uskayaw.
             Killed from afar by a deep elf zephyrmancer (20 damage)
             ... with a bolt of lightning
             ... on level 1 of the Elven Halls.
             The game lasted 00:41:40 (23069 turns).

Exodus22XD the Severer (Minotaur Fighter)          Turns: 23069, Time: 00:41:41

Health: -16/137    AC: 30    Str: 28    XL:     15   Next: 9%
Magic:  17/24      EV:  8    Int:  5    God:    Uskayaw [*.....]
Gold:   2536       SH:  7    Dex: 10    Spells: 14/14 levels left

rFire   . . .      SeeInvis .   f - +2 broad axe (flame)
rCold   . . .      Faith    .   c - +0 buckler
rNeg    + . .      Spirit   .   Q - +3 plate armour
rPois   .          Reflect  .   (helmet restricted)
rElec   .          Harm     .   F - +2 cloak of Wusch {Will++}
rCorr   .          Rampage  .   t - +0 pair of gloves
Will    +++..                   b - +0 pair of boots
Stlth   ..........              (no amulet)
HPRegen 0.32/turn               e - ring of positive energy
MPRegen 0.19/turn               m - +4 ring of protection

@: studying 2 skills
A: horns 2, retaliatory headbutt
a: Renounce Religion, Stomp


You were on level 1 of the Elven Halls.
You worshipped Uskayaw.
Uskayaw was pleased with you.
You visited 4 branches of the dungeon, and saw 18 of its levels.

You collected 2982 gold pieces.
You spent 446 gold pieces at shops.

Inventory:

Hand Weapons
 f - a +2 broad axe of flaming (weapon)
 G - a +3 flail
 J - a +1 vorpal trident
 M - a +0 vorpal executioner's axe
Armour
 a - the +0 pair of boots of Misanthropy {+Blink rCorr Slay-2}
   (You bought it in a shop on level 2 of the Orcish Mines)

   Slay:      It affects your accuracy & damage with ranged weapons and melee
   (-2).
   +Blink:    It lets you blink.
   rCorr:     It protects you from acid and corrosion.
 b - a +0 pair of boots (worn)
 c - a +0 buckler (worn)
 t - a +0 pair of gloves (worn)
 D - the +1 cloak of Olerareg {+Blink rElec Dex+4}
   (You found it on level 5 of the Lair of Beasts)

   Dex:       It affects your dexterity (+4).
   rElec:     It insulates you from electricity.
   +Blink:    It lets you blink.
 F - the +2 cloak of Wusch (worn) {Will++}
   (You bought it in a shop on level 2 of the Orcish Mines)

   Will:      It greatly increases your willpower.
 Q - a +3 plate armour (worn)
Jewellery
 e - a ring of positive energy (left hand)
 m - a +4 ring of protection (right hand)
 p - a +4 ring of protection
 A - a ring of fire
 O - a ring of see invisible
 P - a ring of resist corrosion
Wands
 d - a wand of iceblast (1)
 q - a wand of flame (31)
 E - a wand of acid (8)
Scrolls
 k - 3 scrolls of enchant armour
 l - 2 scrolls of magic mapping
 o - 2 scrolls of fear {unknown}
 v - a scroll of identify
 x - 7 scrolls of teleportation
 H - 3 scrolls of immolation {unknown}
 I - 5 scrolls of vulnerability
 K - 3 scrolls of butterflies {unknown}
 L - 3 scrolls of poison {unknown}
Potions
 g - a potion of might
 h - a potion of ambrosia {unknown}
 i - 2 potions of degeneration {unknown}
 j - 4 potions of brilliance {unknown}
 n - 3 potions of attraction {unknown}
 r - 5 potions of lignification
 s - 3 potions of curing
 u - 3 potions of berserk rage {unknown}
 w - 5 potions of mutation {unknown}
 z - 3 potions of cancellation {unknown}
 B - a potion of magic {unknown}
 C - a potion of haste {unknown}
 N - 2 potions of flight {unknown}


   Skills:
 + Level 13.6 Fighting
 + Level 18.8 Axes
 + Level 14.2 Armour
 * Level 12.5 Shields
 * Level 13.6 Invocations
 - Level 0.3 Evocations


You had 14 spell levels left.
You didn't know any spells.
Your spell library was empty.

Dungeon Overview and Level Annotations

Branches:
Dungeon (10/15)            Temple (0/1) D:4            Lair (5/5) D:8
  Swamp (0/4) Lair:2       Spider (0/4) Lair:3        Slime (0/5) Lair:4
    Orc (2/2) D:10            Elf (1/3) Orc:2

Altars:
Nemelex Xobeh
Qazlal
Ru
Sif Muna
Uskayaw
Xom
Yredelemnul
Zin
The Shining One
Jiyva

Shops:
D:4 *   Orc:2 [((*

Annotations:
D:2 1 runed translucent door, Crazy Yiuf
Lair:1 1 runed translucent door, Caczuus's ghost, novice SpEE
Lair:2 2 transporters, kalagan's ghost, journeyman DECj


Innate Abilities, Weirdness & Mutations

You have a pair of horns on your head.
You reflexively headbutt those who attack you in melee.


Message History

Your headbutt misses the deep elf zephyrmancer.
The deep elf zephyrmancer is lightly wounded.
The deep elf zephyrmancer points at you and mumbles some strange words.
The bolt of lightning hits you!
Unknown command.
You barely miss the deep elf zephyrmancer.
Your headbutt misses the deep elf zephyrmancer.
The deep elf zephyrmancer is lightly wounded.
The deep elf archer shoots an arrow.
The arrow hits you.
Unknown command.
You hit the deep elf zephyrmancer. You burn the deep elf zephyrmancer.
You headbutt the deep elf zephyrmancer.
The deep elf zephyrmancer is moderately wounded.
The deep elf zephyrmancer gestures wildly while chanting.
The deep elf zephyrmancer blinks!
The deep elf archer shoots an arrow.
The arrow hits you.
* * * LOW HITPOINT WARNING * * *
Aiming: Grand Finale
Press: ? - help, Shift-Dir - straight line, f - deep elf archer
Aim: a deep elf archer, wielding a +0 longbow and wearing a +0 leather armour (almost dead, repelling missiles)
The deep elf archer explodes violently!
The deep elf zephyrmancer is hit by a flying piece of the deep elf archer!
You blow up the deep elf archer!
You block the deep elf zephyrmancer's attack.
You slice the deep elf zephyrmancer!! You burn the deep elf zephyrmancer.
The deep elf zephyrmancer is almost dead.
The deep elf zephyrmancer barely misses you.
You barely miss the deep elf zephyrmancer.
Your headbutt misses the deep elf zephyrmancer.
The deep elf zephyrmancer is almost dead.
The deep elf zephyrmancer gestures wildly while chanting.
The deep elf zephyrmancer blinks!
The deep elf zephyrmancer points at you and mumbles some strange words.
The bolt of lightning hits you!
* * * LOW HITPOINT WARNING * * *
The deep elf zephyrmancer gestures at you while chanting.
The bolt of lightning hits you!!
* * * LOW HITPOINT WARNING * * *
The bolt of lightning hits you!!
You die...

##....#.##
####..##).###
#.....).....#
#.####)####.#
#..))...#.# #
#...)...#.#
#.#.)....?#.#
#(....8.....#
#.#..@....#.#
#.#.......#.#
$ #.e.....#.#
####.####..
.... .#
#...#. ..
......# .. ##
#


You could see a deep elf zephyrmancer.

Vanquished Creatures
  An orc warlord (Orc:2)
  A deep elf elementalist (Elf:1)
  Josephine (Orc:1)
  3 hydras
  Erolcha (Orc:1)
  A boulder beetle (Lair:5)
  A catoblepas (Lair:5)
  An ice dragon (Lair:4)
  8 death yaks (Lair:5)
  A deep troll shaman (Lair:5)
  6 dancing weapons (Elf:1)
  3 orc high priests
  Urug (Orc:1)
  Nergalle (D:10)
  Sonja (Lair:4)
  2 soul eaters (D:9)
  7 deep elf knights (Elf:1)
  2 sixfirhies (D:9)
  An orb spider (Lair:3)
  2 bog bodies (Lair:2)
  3 deep elf zephyrmancers (Elf:1)
  3 deep elf archers (Elf:1)
  13 deep elf pyromancers (Elf:1)
  2 orc knights
  3 orc sorcerers
  A cyclops (Orc:1)
  4 black mambas
  17 elephants
  9 cane toads
  A torpor snail (Lair:4)
  5 rime drakes
  Psyche (D:10)
  A kobold demonologist (D:10)
  An ice devil (D:9)
  A hellwing (D:9)
  A red devil (D:9)
  12 komodo dragons
  A meliai (shapeshifter) (Elf:1)
  4 trolls
  2 polar bears (Lair:5)
  Grinder (D:6)
  3 blink frogs (Lair:5)
  24 yaks
  A water elemental (Elf:1)
  2 air elementals (Elf:1)
  4 wraiths
  6 wyverns
  2 basilisks (Lair:5)
  A chaos spawn (D:9)
  5 vampire mosquitoes (Lair:1)
  3 steam dragons
  6 wargs (Orc:1)
  2 acid dragons
  13 water moccasins
  2 swamp drakes (Lair:1)
  35 orc warriors
  2 ice beasts
  7 black bears
  A sky beast (D:8)
  13 wolves
  10 ogres
  4 centaurs
  3 kobold brigands
  7 bullfrogs
  An earth elemental (Elf:1)
  5 scorpions
  A gnoll sergeant (D:8)
  5 necrophages
  17 wights
  5 killer bees (D:10)
  7 howler monkeys
  An electric eel (D:10)
  4 bullfrog zombies (D:5)
  A human zombie (D:5)
  4 quasits (D:9)
  19 jellies
  22 orc priests
  3 hounds
  3 iguanas
  7 hell rats (Lair:5)
  30 orc wizards
  A hound zombie (D:5)
  A mummy (D:5)
  10 gnolls
  8 adders
  A shadow imp (D:7)
  5 white imps
  An adder zombie (D:5)
  3 worms
  12 dart slugs
  99 orcs
  7 endoplasms
  5 giant cockroaches
  3 goblins
  7 hobgoblins
  2 quokkas
  8 ball pythons
  3 bats
  6 frilled lizards
  21 kobolds
  3 rats
628 creatures vanquished.

Vanquished Creatures (others)
  An orc (Orc:1)
  A bush (Lair:5)
  4 demonic plants (D:9)
  18 fungi
  48 plants
72 creatures vanquished.

Grand Total: 700 creatures vanquished

Notes
Turn   | Place    | Note
-------+----------+-------------------------------------------
     0 | D:1      | Exodus22XD the Minotaur Fighter began the quest for the
                  | Orb.
     0 | D:1      | Reached XP level 1. HP: 19/19 MP: 0/0
    79 | D:1      | Reached XP level 2. HP: 27/27 MP: 1/1
    79 | D:1      | Found a faded altar of an unknown god.
   135 | D:1      | Prayed at the altar of an unknown god.
   135 | D:1      | Became a worshipper of Uskayaw the Reveller
   135 | D:1      | Reached * piety under Uskayaw
   415 | D:2      | Reached ** piety under Uskayaw
   480 | D:2      | Reached XP level 3. HP: 33/33 MP: 2/2
   598 | D:2      | Reached skill level 3 in Axes
   778 | D:2      | Found a runed translucent door.
   779 | D:2      | Noticed Crazy Yiuf
   816 | D:2      | Found a glowing golden altar of the Shining One.
   948 | D:3      | Reached *** piety under Uskayaw
  1136 | D:3      | Reached skill level 1 in Invocations
  1140 | D:3      | Reached **** piety under Uskayaw
  1142 | D:3      | Reached XP level 4. HP: 24/40 MP: 3/3
  1492 | D:3      | Found a glowing silver altar of Zin.
  1498 | D:3      | Noticed an angel
  1500 | D:3      | Found a shimmering altar of Xom.
  1533 | D:4      | Found Nanitiu's General Store.
  1618 | D:4      | Noticed an ogre
  1619 | D:4      | Noticed a black bear
  1626 | D:4      | Reached skill level 4 in Axes
  1626 | D:4      | Reached XP level 5. HP: 31/47 MP: 5/5
  1626 | D:4      | Killed an ogre
  1630 | D:4      | Reached ***** piety under Uskayaw
  1632 | D:4      | Killed a black bear
  1633 | D:4      | Reached skill level 5 in Axes
  1633 | D:4      | Reached skill level 5 in Armour
  1633 | D:4      | Reached XP level 6. HP: 13/53 MP: 6/6
  1743 | D:4      | Found a staircase to the Ecumenical Temple.
  2574 | D:4      | Reached XP level 7. HP: 53/60 MP: 8/8
  2880 | D:5      | Entered Level 5 of the Dungeon
  2901 | D:5      | Reached skill level 5 in Fighting
  2901 | D:5      | Reached skill level 6 in Axes
  2915 | D:5      | Found a sacrificial altar of Ru.
  3876 | D:5      | Reached skill level 7 in Axes
  3896 | D:5      | Reached skill level 5 in Shields
  3896 | D:5      | Reached XP level 8. HP: 69/69 MP: 9/9
  3914 | D:5      | Found a basalt altar of Yredelemnul.
  4072 | D:5      | Reached skill level 8 in Axes
  4321 | D:6      | Found a large runed translucent door.
  4365 | D:6      | Found a large runed translucent door.
  4538 | D:6      | Reached skill level 9 in Axes
  4780 | D:6      | Reached XP level 9. HP: 64/75 MP: 11/11
  4913 | D:6      | Noticed Grinder
  4922 | D:6      | Killed Grinder
  4923 | D:6      | Reached skill level 5 in Invocations
  5198 | D:6      | Found a hide-covered altar of Uskayaw.
  5209 | D:6      | Found a shimmering blue altar of Sif Muna.
  5220 | D:6      | Reached skill level 10 in Axes
  5470 | D:7      | Reached ****** piety under Uskayaw
  6218 | D:8      | Reached skill level 11 in Axes
  6410 | D:8      | Reached XP level 10. HP: 77/86 MP: 13/13
  6615 | D:8      | Noticed an elephant
  6616 | D:8      | Found a staircase to the Lair.
  6626 | D:8      | Killed an elephant
  7082 | D:8      | Reached skill level 12 in Axes
  7780 | D:9      | Noticed a soul eater
  7807 | D:9      | HP: 4/83 [soul eater (8)]
  7808 | D:9      | Killed a soul eater
  8328 | D:9      | Noticed a soul eater
  8328 | D:9      | Noticed a sixfirhy
  8328 | D:9      | Noticed a sixfirhy
  8334 | D:9      | Killed a sixfirhy
  8335 | D:9      | Killed a sixfirhy
  8336 | D:9      | Reached skill level 13 in Axes
  8336 | D:9      | Reached XP level 11. HP: 30/95 MP: 15/15
  8338 | D:9      | Killed a soul eater
  8794 | D:9      | Reached skill level 10 in Armour
  9353 | D:10     | Entered Level 10 of the Dungeon
  9399 | D:10     | Noticed Psyche
  9403 | D:10     | Killed Psyche
  9568 | D:10     | Identified the +8 rapier of Wondrous Power {distort, rElec
                  | rN+ Str+4}
  9600 | D:10     | Found a staircase to the Orcish Mines.
  9613 | D:10     | Reached skill level 14 in Axes
  9712 | D:10     | Noticed Nergalle
  9716 | D:10     | Noticed a spectral orc warlord
  9721 | D:10     | Killed Nergalle
  9933 | D:10     | Found a stormy altar of Qazlal.
 10288 | D:10     | Identified the +2 leather armour "Feme" {Will+}
 10424 | D:10     | Found a sparkling altar of Nemelex Xobeh.
 10552 | Orc:1    | Entered Level 1 of the Orcish Mines
 10552 | Orc:1    | Noticed Erolcha
 10559 | Orc:1    | Killed Erolcha
 10586 | Orc:1    | Noticed Urug
 10587 | Orc:1    | Killed Urug
 10602 | Orc:1    | Reached XP level 12. HP: 26/105 MP: 9/17
 10608 | Orc:1    | Noticed Josephine
 10911 | Orc:1    | Killed Josephine
 11218 | Orc:1    | Paralysed by an orc sorcerer for 5 turns
 11246 | Orc:1    | Reached skill level 15 in Axes
 11460 | Orc:1    | Noticed an orc high priest
 11883 | Orc:1    | Killed an orc high priest
 12306 | Orc:2    | Entered Level 2 of the Orcish Mines
 12334 | Orc:2    | Reached skill level 10 in Fighting
 12355 | Orc:2    | Found a staircase to the Elven Halls.
 12661 | Orc:2    | Found Hibb's Assorted Antiques.
 12922 | Orc:2    | Noticed an orc high priest
 12931 | Orc:2    | Killed an orc high priest
 13263 | Orc:2    | Noticed an orc high priest
 13267 | Orc:2    | Noticed an orc warlord
 13717 | Orc:2    | Found Tugohim's Antique Weapon Boutique.
 13811 | Orc:2    | HP: 2/106 [ogre/+0 giant club (11)]
 14258 | Orc:2    | Reached skill level 16 in Axes
 14267 | Orc:2    | Killed an orc warlord
 14570 | Orc:2    | Killed an orc high priest
 14619 | Orc:2    | Paralysed by an orc sorcerer for 5 turns
 14746 | Orc:2    | Found Inu Othri's Antique Armour Boutique.
 14759 | Orc:2    | Found Wytixuc's Antique Weapon Shop.
 14850 | Orc:2    | Bought a pair of ancient boots for 171 gold pieces
 14850 | Orc:2    | Identified the +0 pair of boots of Misanthropy {+Blink
                  | rCorr Slay-2} (You bought it in a shop on level 2 of the
                  | Orcish Mines)
 14998 | Orc:2    | Bought a faintly glowing cloak for 275 gold pieces
 14998 | Orc:2    | Identified the +2 cloak of Wusch {Will++} (You bought it in
                  | a shop on level 2 of the Orcish Mines)
 15154 | Lair:1   | Entered Level 1 of the Lair of Beasts
 15163 | Lair:1   | Found a runed translucent door.
 15164 | Lair:1   | Noticed Caczuus's ghost (novice SpEE)
 15549 | Lair:1   | Reached XP level 13. HP: 115/115 MP: 19/19
 15842 | Lair:1   | You fall into a shaft and drop 1 floor!
 15848 | Lair:2   | Identified 3 scrolls of acquirement
 15849 | Lair:2   | Acquired a manual of Invocations
 15851 | Lair:2   | Acquired a +0 vorpal executioner's axe
 15857 | Lair:2   | Acquired 914 gold pieces
 15915 | Lair:2   | Found a transporter.
 15918 | Lair:2   | Found a transporter.
 15918 | Lair:2   | Noticed kalagan's ghost (journeyman DECj)
 15965 | Lair:2   | Found a staircase to the Swamp.
 15974 | Lair:2   | Reached skill level 10 in Invocations
 16457 | Lair:2   | Reached skill level 10 in Shields
 17317 | Lair:3   | Found a hole to the Spider Nest.
 17799 | Lair:4   | Reached skill level 17 in Axes
 17911 | Lair:4   | Noticed Sonja
 17943 | Lair:4   | Found a viscous altar of Jiyva.
 17943 | Lair:4   | Found a staircase to the Slime Pits.
 18279 | Lair:4   | Killed Sonja
 19765 | Lair:5   | Entered Level 5 of the Lair of Beasts
 20273 | Lair:5   | Reached XP level 14. HP: 89/126 MP: 21/21
 20454 | Lair:5   | Reached skill level 18 in Axes
 21015 | Lair:5   | Identified the +1 cloak of Olerareg {+Blink rElec Dex+4}
 22007 | Elf:1    | Entered Level 1 of the Elven Halls
 22035 | Elf:1    | HP: 1/129 [deep elf pyromancer/bolt of fire (23)]
 22404 | Elf:1    | Paralysed by an air elemental for 1 turns
 22408 | Elf:1    | Paralysed by an air elemental for 1 turns
 22416 | Elf:1    | Paralysed by an air elemental for 1 turns
 22532 | Elf:1    | Noticed a deep elf elementalist
 22555 | Elf:1    | Killed a deep elf elementalist
 22563 | Elf:1    | Paralysed by an air elemental for 1 turns
 23040 | Elf:1    | Reached XP level 15. HP: 135/136 MP: 24/24
 23069 | Elf:1    | HP: 4/137 [deep elf zephyrmancer/bolt of lightning (22)]
 23069 | Elf:1    | Killed from afar by a deep elf zephyrmancer

Illustrated notes

Levels and vault maps discovered:
D:1:      erik_arrival_blinker_ship, layout_rooms, basic_ecumenical_altar
D:2:      layout_rooms, basic_altar, uniq_crazy_yiuf_cottage
D:3:      layout_rooms, grunt_temple_overflow_order_and_chaos_1,
          serial_bayou_crossing
D:4:      layout_loops_ring, minmay_temple_entry_mini_moons, st_stairs_7,
          nicolae_stop_n_shop_1
D:5:      kennysheep_slugbush, layout_loops_ring,
          nicolae_overflow_crystal_walls, lemuel_mausoleum_altar_yredelemnul,
          minmay_bent
D:6:      layout_gridville, jmf_multi_god_temple2, minmay_manual_mail,
          uniq_grinder
D:7:      layout_basic, amcnicky_mini_pool_medium
D:8:      layout_gridville, david_lair_generic
D:9:      layout_roguey, serial_demonic, serial_demonic_g, serial_demonic_a,
          serial_demonic_d, serial_demonic_f
D:10:     layout_rooms, kennysheep_little_box, nemelex_diamond_rough_becter,
          orc_david_3, serial_bayou_pond_b, uniq_psyche, uniq_nergalle
Lair:1:   layout_cave_pods, hellmonk_ghost_happy_afterlife, pond
Lair:2:   layout_chaotic_city, skrybe_swamp_entry_bodies, gammafunk_ghost_hive
Lair:3:   layout_small_grid, nicolae_spider_entry_orb_guardian,
          grunt_forest_small_clearing_treed, lemuel_fruit_fields,
          lemuel_fruit_fields, grunt_megastairs_5
Lair:4:   layout_cave_pods, minmay_slime_entry_jelly_boxes,
          bobbens_ice_dragon_lair, uniq_sonja
Lair:5:   grunt_lair_end_beastmaster, layout_big_grid, nicolae_lair_lil_pond,
          serial_bayou_lagoon_b
Orc:1:    cheibrodos_orc_guarddog, layout_diamond_mine,
          david_defended_altar_orc, uniq_erolcha, uniq_josephine, uniq_urug
Orc:2:    grunt_orc_community_town_hall, layout_caves,
          grunt_orc_community_big_house_2, grunt_orc_community_big_house_2,
          grunt_orc_community_house_2, grunt_orc_community_house_2,
          grunt_orc_community_house_3, grunt_orc_community_house_3,
          grunt_orc_community_house_1, hellmonk_bongcloud_opening
Elf:1:    minmay_elf_arrival_plus, layout_rooms, minivault_28,
          serial_sigils_hangedman_clutch, uniq_asterion

Skill      XL: |  1  2  3  4  5  6  7  8  9 10 11 12 13 14 |
---------------+-------------------------------------------+-----
Armour         | 4 5 6 7 8 9 10 11 12 14 | 14.2
Shields        | 4 5 6 8 9 11 12 | 12.5
Fighting       | 4 5 6 7 8 9 10 12 13 | 13.6
Axes           | 3 4 5 7 9 11 13 14 16 17 18 | 18.8
Invocations    | 1 2 3 4 6 7 8 9 11 13 | 13.6
Evocations     | |  0.3

Action                   |  1- 3 |  4- 6 |  7- 9 | 10-12 | 13-15 || total
-------------------------+-------+-------+-------+-------+-------++-------
Melee: War axe           |    97 |    77 |   309 |    70 |       ||   553
       Headbutt          |     8 |    14 |    70 |    85 |   126 ||   303
       Battleaxe         |       |       |       |   381 |       ||   381
       Broad axe         |       |       |       |    90 |   536 ||   626
Invok: Line Pass         |       |       |       |     6 |     1 ||     7
       Stomp             |       |       |       |     1 |       ||     1
       Grand Finale      |       |       |       |     1 |     1 ||     2
Evoke: Wand              |       |       |       |     2 |     4 ||     6
  Use: Scroll            |       |       |       |    15 |     6 ||    21
       Potion            |       |       |       |     1 |     7 ||     8
 Stab: Paralysed         |     3 |     1 |    14 |    68 |    82 ||   168
       Petrified         |       |       |       |       |     5 ||     5
       Confused          |       |       |       |       |     1 ||     1
Armor: Scale mail        |    52 |    41 |    13 |       |       ||   106
       Plate armour      |       |       |   154 |   394 |   328 ||   876
Dodge: Dodged            |    46 |    38 |    82 |   194 |   123 ||   483
Block: Buckler           |    33 |    11 |    50 |    27 |   138 ||   259
